 Dungeon Crawl Stone Soup version 0.28.0-49-g6dfe1f597d (console) character file.

Game seed: 11306111715054733571

6802 Faeu the Fighter (level 10, -6/94 HPs)
             Began as a Minotaur Berserker on May 14, 2022.
             Was a High Priest of Trog.
             Mangled by a cane toad simulacrum (9 damage)
             ... in an ice cave.
             The game lasted 00:32:21 (9289 turns).

Faeu the Fighter (Minotaur Berserker)               Turns: 9289, Time: 00:32:21

Health: -6/94      AC: 25    Str: 24    XL:     10   Next: 76%
Magic:  9/9        EV: 11    Int: 10    God:    Trog [*****.]
Gold:   749        SH:  5    Dex: 10    Spells: 9/9 levels left

rFire   + + .      SeeInvis .   g - +3 mace (protect) {mace}
rCold   + . .      Faith    .   (no shield)
rNeg    . . .      Spirit   .   x - +0 chain mail
rPois   .          Reflect  +   (helmet restricted)
rElec   .          Harm     .   c - +0 cloak
rCorr   .          Rampage  .   (no gloves)
Will    .....                   M - +0 pair of boots
Stlth   ..........              N - amulet of reflection
HPRegen 0.25/turn               f - +4 ring of protection
MPRegen 0.11/turn               C - ring of Unuimm {rF+ rC+ Str-2 Int+6}

@: under a protective aura, on berserk cooldown, attractive
A: horns 2, retaliatory headbutt, talons 1, deterioration 1, fire resistance 1
a: Renounce Religion, Berserk, Trog's Hand, Brothers in Arms


You were in an ice cave.
You worshipped Trog.
Trog was extremely pleased with you.
You visited 2 branches of the dungeon, and saw 9 of its levels.
You also visited: Sewer and Ice Cave.

You collected 749 gold pieces.


Innate Abilities, Weirdness & Mutations

You have a pair of horns on your head.
You reflexively headbutt those who attack you in melee.
You have sharp toenails.
Your body sometimes deteriorates upon taking damage.
Your flesh is heat resistant. (rF+)


   Skills:
 + Level 10.6 Fighting
 + Level 10.5 Axes
 + Level 10.2 Armour
 + Level 9.4 Dodging


You had 9 spell levels left.
You didn't know any spells.
Your spell library contained the following spells:

 Spells                   Type           Power      Damage    Failure   Level
 Foxfire                  Conj/Fire      0%         2x1d4     89%         1
 Magic Dart               Conj           0%         1d3       89%         1
 Sting                    Tmut/Pois      0%         1d3       89%         1
 Call Imp                 Summ           0%         N/A       96%         2
 Poisonous Vapours        Pois/Air       0%         N/A       96%         2
 Static Discharge         Conj/Air       0%         N/A       96%         2
 Conjure Flame            Conj/Fire      0%         6-21      99%         3
 Gell's Gravitas          Tloc           0%         N/A       99%         3
 Ignite Poison            Fire/Tmut/Pois 0%         N/A       99%         3
 Inner Flame              Hex/Fire       0%         N/A       99%         3
 Mephitic Cloud           Conj/Pois/Air  0%         N/A       99%         3
 Ozocubu's Armour         Ice            0%         N/A       99%         3
 Teleport Other           Tloc           0%         N/A       99%         3
 Flame Wave               Conj/Fire      0%         2d4       100%        4
 Olgreb's Toxic Radiance  Pois           0%         N/A       100%        4
 Sticky Flame             Conj/Fire      0%         2d3       100%        4
 Dispersal                Tloc           0%         N/A       100%        6
 Ozocubu's Refrigeration  Ice            0%         4d5       100%        7
 Ignition                 Fire           0%         3d3       100%        8
 Chain Lightning          Conj/Air       0%         N/A       100%        9

Inventory:

Hand Weapons
 a - a +0 hand axe {axe}
 g - a +3 mace of protection (weapon) {mace}
   (You found it on level 2 of the Dungeon)
 F - a +0 short sword {short}
   (You took it off Maurice on level 8 of the Dungeon)
 K - a +2 morningstar {mace}
   (You took it off a wight on level 7 of the Dungeon)
Missiles
 w - 14 poisoned darts (quivered) {throwing}
Armour
 b - a +0 animal skin
 c - a +0 cloak (worn)
   (You took it off Maurice on level 8 of the Dungeon)
 x - a +0 chain mail (worn)
   (You took it off a kobold on level 2 of the Dungeon)
 M - a +0 pair of boots (worn)
   (You found it on level 6 of the Dungeon)
Jewellery
 f - a +4 ring of protection (left hand)
   (You found it on level 1 of the Dungeon)
 i - a ring of flight
   (You found it on level 2 of the Dungeon)
 s - a ring of fire
   (You took it off a gnoll on level 4 of the Dungeon)
 C - the ring of Unuimm (right hand) {rF+ rC+ Str-2 Int+6}
   (You found it on level 8 of the Dungeon)

   [ring of protection from cold]

   Str:       It affects your strength (-2).
   Int:       It affects your intelligence (+6).
   rF:        It protects you from fire.
   rC:        It protects you from cold.
 D - a +4 ring of protection
   (You found it on level 4 of the Dungeon)
 H - a ring of willpower
   (You found it on level 7 of the Dungeon)
 N - an amulet of reflection (around neck)
   (You found it on level 6 of the Dungeon)
Wands
 n - a wand of digging (8)
   (You found it on level 3 of the Dungeon)
 r - a wand of flame (17)
   (You took it off Maurice on level 8 of the Dungeon)
 t - a wand of acid (12)
   (You found it on level 4 of the Dungeon)
 y - a wand of iceblast (10)
   (You found it on level 5 of the Dungeon)
Scrolls
 d - 2 scrolls of identify {@r1}
 e - 5 scrolls of teleportation {@r4}
 h - 2 scrolls of vulnerability {!r!r}
 j - 3 scrolls of blinking {!r}
 k - 3 scrolls of enchant armour
 p - a scroll of holy word
 u - a scroll of magic mapping {!r}
 v - 2 scrolls of immolation {unknown}
 A - a scroll of fear {unknown}
 B - a scroll of noise {unknown}
 E - a scroll of summoning {unknown}
 L - a scroll of enchant weapon
Potions
 l - 2 potions of lignification {!q}
 m - 2 potions of mutation {!q}
 o - 5 potions of flight
 q - a potion of cancellation {unknown}
 z - a potion of curing {unknown}
 G - a potion of attraction {!q}
 I - a potion of experience {unknown}
 J - a potion of magic {unknown}

Dungeon Overview and Level Annotations

Branches:
Dungeon (8/15)             Temple (0/1) D:5            Lair (1/6) D:8
  Sewer (visited)           IceCv (1/1)

Altars:
Dithmenos
Kikubaaqudgha

Shops:
D:4

! #######
#.....##
#......## Z
#.○.....#....
#@Z..∩.......
#.Z.....#....
#......## .
#.....##
#######


You could see a cane toad simulacrum and a polar bear simulacrum.


Message History

The ice devil hits you.
* * * LOW HITPOINT WARNING * * *
The ice devil freezes you! You resist.
* * * LOW HITPOINT WARNING * * *
The ice devil misses you. You furiously retaliate!
You headbutt the ice devil! 😨 HP[-12]
You take 12 damage, and now have 42/141 hp.
You bludgeon the ice devil!!
You kill the ice devil!
Trog accepts your kill.
The ice devil hits you but does no damage.
You hit the ice devil but do no damage. You headbutt the ice devil!
The ice devil hits you but does no damage.
You sock the ice devil! 😨 HP[+1]
You barely miss the ice devil. The ice devil closely misses you.
You furiously retaliate!
You headbutt the ice devil. You hit the ice devil.
The ice devil closely misses you.
You hit the ice devil but do no damage. You sock the ice devil!
You kill the ice devil!
Trog accepts your kill. 😨 HP[+1]
You feel a strong urge to attack something.
You are no longer berserk.
You are exhausted.
You feel yourself slow down. 😨 HP[-15]
You now have 94 max hp (-47). 😨 HP[+1]
There is a frozen archway here.
The world spins around you as you enter the gateway.
You enter an ice cave!
Found an ice covered gate leading back out of this place.
There is an ice choked empty arch of ancient stone here. 😨 HP[+1] 😨 HP[+1]
There is an ice covered gate leading back out of this place here. 😨 HP[+1] 😨 HP[+1]
You sock the cane toad simulacrum!
Your weapon exudes an aura of protection.
You headbutt the cane toad simulacrum. The cane toad simulacrum hits you.
* * * LOW HITPOINT WARNING * * *
The cane toad simulacrum freezes you! You resist.
* * * LOW HITPOINT WARNING * * *
The cane toad simulacrum hits you but does no damage. 😱 HP[-14]
You take 14 damage, and now have 20/94 hp.
You hit the cane toad simulacrum.
You headbutt the cane toad simulacrum, but do no damage.
The cane toad simulacrum closely misses you.
The polar bear simulacrum barely misses you.
You furiously retaliate!
You headbutt the polar bear simulacrum!
The polar bear simulacrum claws you but does no damage. x2
Okay, then.
It was a potion of mutation.
You feel extremely strange.
Your toenails lengthen and sharpen.
You feel resistant to heat.
You feel yourself wasting away. The cane toad simulacrum misses you.
The cane toad simulacrum hits you but does no damage.
The polar bear simulacrum barely misses you.
The polar bear simulacrum misses you.
You block the polar bear simulacrum's attack. 😱 HP[+1] It was a potion of attraction.
You feel attractive to monsters.
The cane toad simulacrum barely misses you.
You block the polar bear simulacrum's attack.
The polar bear simulacrum barely misses you.
The polar bear simulacrum claws you but does no damage.
The polar bear simulacrum closely misses you.
You furiously retaliate!
You headbutt the polar bear simulacrum!
The polar bear simulacrum claws you but does no damage. x2
You thump the polar bear simulacrum!
Your weapon exudes an aura of protection.
You headbutt the polar bear simulacrum.
The cane toad simulacrum closely misses you.
You furiously retaliate!
You headbutt the cane toad simulacrum.
The polar bear simulacrum bites you but does no damage.
You block the polar bear simulacrum's attack.
The polar bear simulacrum closely misses you. x2
You block the polar bear simulacrum's attack.
The polar bear simulacrum claws you but does no damage.
The cane toad simulacrum hits you but does no damage.
The polar bear simulacrum bites you.
* * * LOW HITPOINT WARNING * * *
The polar bear simulacrum freezes you! You resist.
* * * LOW HITPOINT WARNING * * *
The polar bear simulacrum claws you but does no damage.
The polar bear simulacrum barely misses you. 😱 HP[-13]
You take 13 damage, and now have 8/94 hp.
You hit the polar bear simulacrum. You headbutt the polar bear simulacrum.
Trog accepts your kill.
You feel yourself speed up. The cane toad simulacrum hits you.
* * * LOW HITPOINT WARNING * * *
The cane toad simulacrum freezes you! You resist.
You die...

Skill      XL: |  1  2  3  4  5  6  7  8  9 10 |
---------------+-------------------------------+-----
Fighting       | 4 5 6 8 9 10 | 10.6
Axes           | 4 5 6 8 9 10 | 10.5
Armour         | 3 4 5 6 8 9 10 | 10.2
Dodging        | 3 4 5 7 8 9 |  9.4

Action                   |  1- 3 |  4- 6 |  7- 9 | 10-12 || total
-------------------------+-------+-------+-------+-------++-------
Melee: Hand axe          |    73 |       |       |       ||    73
       Headbutt          |    19 |    29 |    34 |    36 ||   118
       Punch             |     1 |     2 |     4 |     1 ||     8
       Mace              |     5 |   174 |   163 |   204 ||   546
       Morningstar       |       |       |    13 |       ||    13
Throw: Dart              |       |       |     3 |       ||     3
Invok: Berserk           |       |     1 |     5 |     4 ||    10
  Use: Scroll            |     1 |       |       |     6 ||     7
       Potion            |       |     2 |       |     2 ||     4
Armor: Animal skin       |    34 |    80 |       |       ||   114
       Skin              |       |     1 |       |       ||     1
       Chain mail        |       |       |   134 |   149 ||   283
Dodge: Dodged            |    55 |   125 |   118 |   132 ||   430
Block: Other             |       |       |       |    26 ||    26

Levels and vault maps discovered:
D:1:      elethiomel_arrival_shortcut, layout_basic
D:2:      layout_basic, basic_altar
D:3:      cheibrodos_greedy_goblins, layout_loops_corners, serial_glass,
          glass_columns_b, glass_columns_c, portal_sewer_entry_f,
          minmay_gold_behind_fungi
D:4:      layout_layer_cave, serial_shops, nicolae_take_the_stairs
D:5:      layout_basic, minmay_temple_entry_hall, kennysheep_another_room
D:6:      layout_rooms
D:7:      layout_rooms, kennysheep_little_box, wad_mini_maze, uniq_menkaure
D:8:      layout_loops_ring, lair_entry_dummy, kennysheep_donut,
          grunt_tough_drop, uniq_maurice, uniq_harold, uniq_grum
Lair:1:   layout_chaotic_city, portal_ice_cave_demonic_guard,
          lemuel_centaur_altar, serial_bayou_shore_b
IceCv:    ice_cave_statue_garden_chambered

Notes
Turn   | Place    | Note
-------+----------+-------------------------------------------
     0 | D:1      | Faeu the Minotaur Berserker began the quest for the Orb.
     0 | D:1      | Reached XP level 1. HP: 19/19 MP: 0/0
     0 | D:1      | magus.rc [v1.9.6]
   126 | D:1      | You add the spells Sting, Poisonous Vapours and Olgreb's
                  | Toxic Radiance to your library.
   211 | D:1      | Reached XP level 2. HP: 27/27 MP: 1/1
   668 | D:1      | Reached skill level 4 in Fighting
   738 | D:2      | Reached skill level 4 in Axes
   750 | D:2      | You add the spells Ozocubu's Armour and Ozocubu's
                  | Refrigeration to your library.
   767 | D:2      | Reached skill level 3 in Armour
   792 | D:2      | Reached XP level 3. HP: 33/33 MP: 2/2
   833 | D:2      | Reached ** piety under Trog
  1160 | D:2      | Reached skill level 3 in Dodging
  1212 | D:2      | Found a shadowy altar of Dithmenos.
  1607 | D:3      | You add the spells Static Discharge, Ignition and Chain
                  | Lightning to your library.
  1607 | D:3      | Got the Collected Works on Burning Conjuration
                  | {forbidden@e2}
  1646 | D:3      | Reached XP level 4. HP: 37/40 MP: 3/3
  1949 | D:3      | Found a glowing drain.
  1970 | Sewer    | Entered a sewer
  2214 | Sewer    | Reached *** piety under Trog
  2226 | Sewer    | Reached XP level 5. HP: 46/47 MP: 4/4
  2302 | Sewer    | Reached skill level 4 in Armour
  3070 | D:3      | Reached skill level 5 in Fighting
  3070 | D:3      | Reached skill level 5 in Axes
  3296 | D:4      | Reached XP level 6. HP: 56/56 MP: 5/5
  3297 | D:4      | Reached **** piety under Trog
  3308 | D:4      | Reached skill level 4 in Dodging
  3350 | D:4      | Found Unuczow's Distillery.
  4500 | D:5      | Entered Level 5 of the Dungeon
  4509 | D:4      | Reached skill level 5 in Armour
  4509 | D:4      | Reached XP level 7. HP: 61/62 MP: 6/6
  4706 | D:5      | Reached skill level 6 in Fighting
  4716 | D:4      | Reached skill level 6 in Axes
  4931 | D:5      | Reached skill level 5 in Dodging
  5363 | D:5      | Reached skill level 6 in Armour
  5453 | D:5      | You fall into a shaft and drop 3 floors!
  5459 | D:8      | Reached XP level 8. HP: 71/71 MP: 7/7
  5495 | D:8      | Identified the ring of Unuimm {rF+ rC+ Str-2 Int+6}
  5564 | D:8      | Noticed a two-headed ogre
  5615 | D:8      | You pick up a book of Flames {forbidden} and begin
                  | reading...
  5615 | D:8      | You add the spells Foxfire, Conjure Flame, Inner Flame and
                  | Flame Wave to your library.
  5701 | D:8      | Noticed Maurice
  5718 | D:8      | Killed Maurice
  5719 | D:8      | Reached skill level 7 in Fighting
  5719 | D:8      | Reached skill level 7 in Axes
  5719 | D:8      | Reached skill level 6 in Dodging
  5759 | D:8      | Noticed Grum
  5774 | D:8      | Killed Grum
  5775 | D:8      | Reached skill level 7 in Armour
  5956 | D:8      | Killed a two-headed ogre
  5957 | D:8      | Reached skill level 8 in Fighting
  5957 | D:8      | Reached skill level 8 in Axes
  5957 | D:8      | Reached skill level 8 in Armour
  5957 | D:8      | Reached skill level 7 in Dodging
  5957 | D:8      | Reached XP level 9. HP: 82/82 MP: 8/8
  6062 | D:8      | Found a staircase to the Lair.
  6189 | D:7      | Found an ancient bone altar of Kikubaaqudgha.
  6581 | D:7      | You add the spells Ignite Poison and Sticky Flame to your
                  | library.
  6667 | D:7      | Reached skill level 9 in Fighting
  6667 | D:7      | Reached skill level 9 in Axes
  6810 | D:7      | Reached skill level 8 in Dodging
  6909 | D:7      | Noticed Menkaure
  6919 | D:7      | Killed Menkaure
  6987 | D:7      | You add the spells Gell's Gravitas, Teleport Other and
                  | Dispersal to your library.
  7107 | D:7      | Noticed a troll
  7121 | D:7      | Killed a troll
  7122 | D:7      | Reached skill level 9 in Armour
  7264 | D:7      | Reached XP level 10. HP: 91/91 MP: 9/9
  7479 | D:7      | Reached ***** piety under Trog
  7510 | D:8      | Noticed Harold
  7528 | D:8      | Killed Harold
  7942 | D:8      | You pick up a book of Minor Magic {forbidden} and begin
                  | reading...
  7942 | D:8      | You add the spells Magic Dart, Call Imp and Mephitic Cloud
                  | to your library.
  8391 | D:6      | Reached skill level 10 in Fighting
  8391 | D:6      | Reached skill level 10 in Axes
  8597 | D:5      | Found a staircase to the Ecumenical Temple.
  8686 | D:6      | Reached skill level 9 in Dodging
  8882 | D:6      | Reached skill level 10 in Armour
  9068 | Lair:1   | Entered Level 1 of the Lair of Beasts
  9082 | Lair:1   | Noticed a cane toad
  9091 | Lair:1   | Killed a cane toad
  9239 | Lair:1   | Found a frozen archway.
  9276 | IceCv    | Entered an ice cave
  9284 | IceCv    | HP: 20/94 [cane toad simulacrum (9)]
  9286 | IceCv    | Gained mutation: You have sharp toenails. [potion of
                  | mutation]
  9286 | IceCv    | Gained mutation: Your flesh is heat resistant. (rF+)
                  | [potion of mutation]
  9286 | IceCv    | Gained mutation: Your body sometimes deteriorates upon
                  | taking damage. [potion of mutation]
  9288 | IceCv    | HP: 8/94 [polar bear simulacrum (8)]
  9289 | IceCv    | HP: 3/94 [cane toad simulacrum (5)]
  9289 | IceCv    | Mangled by a cane toad simulacrum

Vanquished Creatures
  Harold (D:8)
  A two-headed ogre (D:8)
  Maurice (D:8)
  A cane toad (Lair:1)
  2 ice devils (Lair:1)
  2 trolls
  A slime creature (D:7)
  A shadow (D:7)
  Grum (D:8)
  Menkaure (D:7)
  An orc warrior (D:7)
  A hornet zombie (D:5)
  An ice beast (D:7)
  A sky beast (D:6)
  A black bear (D:7)
  2 necrophages (D:7)
  4 ogres
  4 wolves (D:8)
  4 centaurs
  2 kobold brigands
  A bullfrog (D:8)
  4 scorpions
  2 water moccasin skeletons
  6 killer bees
  5 wights (D:7)
  A bullfrog zombie (D:5)
  A centaur zombie (D:7)
  3 orc priests
  A bullfrog skeleton (D:7)
  2 hounds
  2 jellies
  An iguana (D:6)
  A merfolk siren (Sewer)
  6 orc wizards
  A merfolk avatar (Sewer)
  A polar bear simulacrum (IceCv)
  A howler monkey zombie (D:8)
  A howler monkey skeleton (D:5)
  13 adders
  11 gnolls
  2 river rats (Sewer)
  3 shadow imps (D:8)
  A white imp (D:7)
  An adder skeleton (D:4)
  2 worms
  2 dart slugs
  12 orcs
  6 bats
  8 endoplasms
  9 giant cockroaches
  7 goblins
  13 hobgoblins
  2 jackals (D:1)
  20 kobolds
  8 quokkas
  10 ball pythons
  7 frilled lizards
  22 rats
232 creatures vanquished.

Vanquished Creatures (others)
  5 toadstools (D:3)
5 creatures vanquished.

Grand Total: 237 creatures vanquished

Table legend:
 A = Non-vault XP
 B = Vault XP
 C = Vault XP percentage of total XP
 D = Non-vault monster count
 E = Vault monster count
 F = Vault count percentage of total count
                 A         B        C        D         E       F
            +---------+---------+-------+---------+---------+-------
      Total |    4826 |    4923 |  50.5 |     157 |      75 |  32.3
            +---------+---------+-------+---------+---------+-------
        D:1 |      30 |       0 |   0.0 |      17 |       0 |   0.0
        D:2 |      54 |       0 |   0.0 |      20 |       0 |   0.0
        D:3 |      57 |      30 |  34.5 |      13 |      15 |  53.6
        D:4 |     544 |       0 |   0.0 |      30 |       0 |   0.0
        D:5 |     604 |       0 |   0.0 |      14 |       0 |   0.0
        D:6 |    1320 |       0 |   0.0 |      23 |       0 |   0.0
        D:7 |    1581 |     961 |  37.8 |      25 |       4 |  13.8
        D:8 |     259 |    3078 |  92.2 |      14 |      13 |  48.1
     Lair:1 |     377 |     662 |  63.7 |       1 |       2 |  66.7
      Sewer |       0 |     161 | 100.0 |       0 |      40 | 100.0
      IceCv |       0 |      31 | 100.0 |       0 |       1 | 100.0
            +---------+---------+-------+---------+---------+-------

Illustrated notes

Table legend:
 A = Kills in this place as a percentage of kills in entire the game.
 B = Kills by you in this place as a percentage of kills by you in the entire game.
 C = Kills by friends in this place as a percentage of kills by friends in the entire game.
 D = Other kills in this place as a percentage of other kills in the entire game.
 E = Experience gained in this place as a percentage of experience gained in the entire game.
 F = Experience gained in this place divided by the number of levels of this place that you have seen.
                   A       B       C       D       E      F
               +-------+-------+-------+-------+-------+----------------------
         Total | 100.0 | 100.0 |   N/A |   N/A | 100.0 | 886.3
       Dungeon |  81.0 |  81.0 |   N/A |   N/A |  87.4 | 1064.8
          Lair |   1.3 |   1.3 |   N/A |   N/A |  10.7 | 1039.0
         Sewer |  17.2 |  17.2 |   N/A |   N/A |   1.7 | 161.0
      Ice Cave |   0.4 |   0.4 |   N/A |   N/A |   0.3 |  31.0
               +-------+-------+-------+-------+-------+----------------------

Table legend: (Time is in decaauts)
 A = Elapsed time spent in this place.
 B = Non-inter-level travel time spent in this place.
 C = Inter-level travel time spent in this place.
 D = Time resting spent in this place.
 E = Time spent auto-exploring this place.
 F = Levels seen in this place.
 G = Mean time per level.
                   A        B        C        D        E       F      G
               +--------+--------+--------+--------+--------+-----+--------+
         Total |   9508 |   9038 |    470 |   1265 |   5339 |  11 |  864.4 |
       Dungeon |   8682 |   8212 |    470 |    898 |   5203 |   8 | 1085.2 |
          Lair |    215 |    215 |      0 |    122 |      0 |   1 |  215.0 |
         Sewer |    591 |    591 |      0 |    244 |    135 |   1 |  591.0 |
      Ice Cave |     19 |     19 |      0 |      0 |      0 |   1 |   19.0 |
               +--------+--------+--------+--------+--------+-----+--------+

Top non-repeatable levels by time:
     D:4: 1837 daAuts
     D:7: 1632 daAuts
     D:8: 1354 daAuts
     D:3: 1014 daAuts
     D:2: 854 daAuts
     D:5: 766 daAuts
     D:1: 718 daAuts
   Sewer: 591 daAuts
     D:6: 504 daAuts
  Lair:1: 215 daAuts
   IceCv: 19 daAuts
